 Dungeon Crawl Stone Soup version 0.28.0-53-g5a82cb258f (webtiles) character file.

Game seed: 17950534593039262474

541 Zeld the Magician (level 7, 0/36 HPs)
             Began as a Deep Elf Fire Elementalist on May 25, 2022.
             Was an Initiate of Gozag.
             Slain by Duvessa
             ... wielding a +0 short sword
              (7 damage)
             ... on level 4 of the Dungeon.
             The game lasted 00:04:26 (4584 turns).

Zeld the Magician (Deep Elf Fire Elementalist)      Turns: 4584, Time: 00:04:27

Health: 0/36       AC:  3    Str:  5    XL:     7   Next: 5%
Magic:  19/19      EV: 12    Int: 22    God:    Gozag
Gold:   114        SH:  0    Dex: 15    Spells: 9/19 levels left

rFire   . . .      SeeInvis .   (no weapon)
rCold   . . .      Faith    .   (no shield)
rNeg    . . .      Spirit   .   a - +0 robe
rPois   .          Reflect  .   d - +0 helmet
rElec   .          Harm     .   (no cloak)
rCorr   .          Rampage  .   (no gloves)
Will    .....                   (no boots)
Stlth   ++........              (no amulet)
HPRegen 0.12/turn               (no ring)
MPRegen 0.16/turn               (no ring)

@: no status effects
A: no striking features
a: Renounce Religion, Potion Petition, Call Merchant, Bribe Branch


You were on level 4 of the Dungeon.
You worshipped Gozag.
Gozag was aware of your devotion.
You visited 1 branch of the dungeon, and saw 4 of its levels.

You collected 389 gold pieces.
You spent 231 gold pieces at shops.
You paid 44 gold pieces to Gozag.

Inventory:

Armour
 a - a +0 robe (worn)
 d - a +0 helmet (worn)
Scrolls
 b - 2 scrolls of blinking {unknown}
 f - 6 scrolls of identify {unknown}
 l - 2 scrolls of vulnerability {unknown}
 n - a scroll of summoning {unknown}
 o - a scroll of immolation {unknown}
 q - a scroll of magic mapping {unknown}
 r - a scroll of fear {unknown}
Potions
 c - a potion of lignification {unknown}
 e - 2 potions of curing
 g - a potion of mutation {unknown}
 h - a potion of degeneration {unknown}
 i - a potion of cancellation {unknown}
 j - 2 potions of haste {unknown}
 k - a potion of resistance {unknown}
 m - a potion of ambrosia {unknown}
 p - 2 potions of brilliance
 s - a potion of berserk rage


   Skills:
 - Level 2.4 Dodging
 - Level 2.4 Stealth
 * Level 6.8 Spellcasting
 + Level 3.6 Conjurations
 * Level 6.2 Fire Magic


You had 9 spell levels left.
You knew the following spells:

 Your Spells              Type           Power      Damage    Failure   Level
a - Foxfire               Conj/Fire      100%       2x1d9     1%          1
b - Scorch                Fire           68%        2d8       1%          2
c - Inner Flame           Hex/Fire       21%        N/A       7%          3
d - Flame Wave            Conj/Fire      29%        2d8       11%         4

Your spell library contained the following spells:

 Spells                   Type           Power      Damage    Failure   Level
 Conjure Flame            Conj/Fire      29%        6-21      3%          3
 Blink                    Tloc           14%        N/A       13%         2
 Gell's Gravitas          Tloc           7%         N/A       26%         3
 Lesser Beckoning         Tloc           7%         N/A       26%         3
 Teleport Other           Tloc           7%         N/A       26%         3
 Manifold Assault         Tloc           7%         N/A       93%         5


Dungeon Overview and Level Annotations

Branches:
Dungeon (4/15)
 Temple: D:4-7

Altars:
Gozag

Shops:
D:1 =(*[!   D:4 [

Annotations:
D:4 Dowan, Duvessa, Edmund


Message History

Duvessa seems to speed up.
Duvessa barely misses you.
You climb upwards.
There is a stone staircase leading down here.
Unknown command.
You start resting.
Magic restored.
You start resting.
HP restored.
You start waiting.
Done waiting.
There is a stone staircase leading up here.
There is an escape hatch in the floor here.
You slide downwards.
The hatch slams shut behind you.
Level annotation: Dowan, Duvessa, Edmund Dowan is nearby!
Dowan is nearby!
Dowan gestures at you while chanting.
You easily resist.
Dowan casts a spell at you. The puff of flame hits you.
Dowan gestures at you while chanting. The puff of flame misses you.
You hit Duvessa but do no damage. Duvessa barely misses you.
Dowan gestures at you while chanting.
You easily resist.
Duvessa hits you with a +0 short sword. Duvessa hits you with a +0 short sword!
Dowan hits you with a +1 dagger of holy wrath.
Dowan points at Duvessa and mumbles some strange words.
Duvessa seems to speed up.
Duvessa misses you.
Dowan says, "Stay away from my face!"
Things that are here:
a +0 robe; a +0 hand axe; 17 gold pieces Duvessa hits you with a +0 short sword!
* * * LOW HITPOINT WARNING * * *
There is a stone staircase leading up, spattered with blood here.
Duvessa hits you with a +0 short sword!
You die...
Your body crumbles into a pile of gold.

...###........#.###.#.... $
.........##...#.# .#.###
######...#....#.###...#
###.................
#####.....#.......##.### #
........>...............#..
####...#..##..............#
##.........##..#####.....#
....#.........ee@........#
..............#######.......
.).......>............#####.
...).........##########
####.........# #.........#
#.........# #.........#
#...(^..(.#


You could see Duvessa (fast) and Dowan.

Vanquished Creatures
  An ogre (D:4)
  4 wights
  2 orc priests (D:3)
  2 jellies
  Natasha (D:4)
  An orc wizard (D:3)
  A hound skeleton (D:4)
  3 adders
  An ufetubus (D:2)
  2 worms
  A dart slug (D:1)
  5 orcs
  4 ball pythons
  9 endoplasms
  7 hobgoblins
  8 jackals (D:2)
  3 quokkas
  8 bats
  3 frilled lizards
  7 goblins
  5 kobolds
  2 rats
80 creatures vanquished.

Vanquished Creatures (others)
  43 foxfires
43 creatures vanquished.

Grand Total: 123 creatures vanquished

Notes
Turn   | Place    | Note
-------+----------+-------------------------------------------
     0 | D:1      | Zeld the Deep Elf Fire Elementalist began the quest for the
                  | Orb.
     0 | D:1      | Reached XP level 1. HP: 10/10 MP: 6/6
    89 | D:1      | Found Temidgh Gosk's Jewellery Shop.
   650 | D:1      | Reached XP level 2. HP: 15/15 MP: 4/8
   653 | D:1      | Learned a level 2 spell: Scorch
   687 | D:1      | Found Batevoy's Distillery.
   717 | D:1      | Bought a potion of curing for 30 gold pieces
   717 | D:1      | Bought a potion of curing for 30 gold pieces
   901 | D:1      | Found Ruucziyhi's Assorted Antiques.
   988 | D:1      | Bought a fuming ruby potion for 25 gold pieces
   988 | D:1      | Bought an emerald potion for 25 gold pieces
   999 | D:1      | Found Poplays's Weapon Boutique.
  1029 | D:1      | Found Eluupp's Antique Armour Shoppe.
  1436 | D:2      | Reached XP level 3. HP: 14/19 MP: 0/10
  1590 | D:2      | Found an opulent altar of Gozag.
  1619 | D:2      | Found a faded altar of an unknown god.
  1893 | D:2      | Learned a level 3 spell: Inner Flame
  2054 | D:2      | Reached XP level 4. HP: 24/24 MP: 4/12
  2597 | D:2      | Learned a level 4 spell: Flame Wave
  2656 | D:2      | Became a worshipper of Gozag Ym Sagoz the Greedy
  2890 | D:3      | Reached skill level 5 in Spellcasting
  2890 | D:3      | Reached XP level 5. HP: 19/28 MP: 7/14
  3215 | D:3      | Reached skill level 5 in Fire Magic
  3388 | D:3      | Found the +8 glaive of the Guard {elec, spectral, AC+5}
  3720 | D:1      | Bought a scroll labelled ZEOKHIEHACKA for 28 gold pieces
  3720 | D:1      | Bought a scroll labelled BYPNI IXKEGOY for 28 gold pieces
  3720 | D:1      | Bought a green potion for 25 gold pieces
  3760 | D:1      | Bought a potion of brilliance for 40 gold pieces
  3842 | D:4      | Noticed Edmund
  3886 | D:4      | Found Yluomomp's Antique Armour Shop.
  3897 | D:4      | Noticed Natasha
  3903 | D:4      | Killed Natasha
  3903 | D:4      | Noticed an ogre
  3910 | D:4      | Killed an ogre
  3911 | D:4      | Reached XP level 6. HP: 32/32 MP: 4/17
  4366 | D:4      | Reached XP level 7. HP: 36/36 MP: 12/19
  4389 | D:4      | Noticed Duvessa
  4392 | D:4      | Noticed Dowan
  4584 | D:4      | Slain by Duvessa

Illustrated notes

Levels and vault maps discovered:
D:1:      lemuel_arrival_river_bridge, layout_basic, serial_shops,
          nicolae_shop_hallway_stairs, nicolae_shop_advertising_works
          [nicolae_subvault_shop_adworks], shop, shop_coins, shop
D:2:      layout_basic, ebering_ecumenical_altar_sacrificial, basic_altar
D:3:      layout_basic
D:4:      layout_rooms, serial_shops, nicolae_shop_hallway_stairs, uniq_edmund,
          uniq_duvessa, uniq_natasha

Skill      XL: |  1  2  3  4  5  6 |
---------------+-------------------+-----
Spellcasting   | 4 5 6 |  6.8
Fire Magic     | 4 5 6 |  6.2
Conjurations   | 2 3 |  3.6
Dodging        | |  2.4
Stealth        | |  2.4

Action                   |  1- 3 |  4- 6 |  7- 9 || total
-------------------------+-------+-------+-------++-------
Melee: Unarmed           |     8 |     3 |     1 ||    12
 Cast: Foxfire           |    30 |     1 |       ||    31
       Scorch            |    32 |    63 |     1 ||    96
 Stab: Sleeping          |       |     1 |       ||     1
Armor: Robe              |    10 |     3 |       ||    13
Dodge: Dodged            |    18 |    17 |     4 ||    39
